AoeStats
← Matsu88

Migration

509972965Analyzed
1v1 RM · 4d ago on Sep 28, 2026· 55m 50s· 2 players
Game mode
Random Map
Map size
132×132
Population
200
Speed
Normal
Resources
Standard
Victory
Conquest
Starting age
Dark Age
Ending age
Imperial Age
RankedLock teamsTeams togetherTeam positionsShared explorationLock speedFull tech treeHidden civsTurbo modeCheats
Victory
Defeat
🇩🇪 Berbers · Germany
1012
+17
🇺🇸 Britons · United States
1041
-17
Myrmidon
7:34 Loom
7:37 Loom
11:27 Feudal Age
12:08 Double-Bit Axe
17:42 Wheelbarrow
17:49 Bloodlines
17:59 Horse Collar
21:39 Forging
21:35 Scale Barding Armor
23:43 Castle Age
25:16 Bow Saw
25:07 Heavy Plow
25:45 Iron Casting
25:30 Chain Barding Armor
38:09 Gold Mining
38:10 Stone Mining
37:56 Light Cavalry
42:39 Imperial Age
41:01 Town Watch
41:02 Elite Skirmisher
45:43 Blast Furnace
45:18 Plate Barding Armor
44:29 Cavalier
46:13 Medium Warships
49:38 Heavy Warships
52:58 Capped Ram
55:07 Ballistics
55:48 Chemistry
55:30 Guilds
Matsu88
11:45 Feudal Age
12:53 Loom
12:57 Double-Bit Axe
15:28 Gold Mining
20:17 Castle Age
19:03 Stone Mining
19:47 Forging
21:16 Crossbowman
25:18 Padded Archer Armor
26:40 Fletching
30:03 Pikeman
31:23 Murder Holes
32:53 Scale Mail Armor
33:09 Leather Archer Armor
33:19 Ballistics
34:25 Bodkin Arrow
39:25 Imperial Age
37:37 Medium Warships
41:15 Chemistry
41:04 Heavy Warships
43:17 Bracer
48:16 Ring Archer Armor
Connection lost

Rejoining the realm…

Still unreachable

The connection could not be restored.

Session expired

The server has moved on; the page needs a fresh start.